woodfighter, neutral female human Wizard ------------ |..........| |.......*..| #...........| #------------ ### # # # # # ---|-----# ------- |.......|# |II...| ........|####.^I...| |....<...# |.I...| |.......| ------- --------- woodfighter the Conjurer Experience level: 5 Strength: 10 Dexterity: 11 Constitution: 8 Intelligence: 19 Wisdom: 17 Charisma: 11 Health: 0(43) Energy: 53(58) Def: 7 Gold: 712 Moves: 2618 Dungeon seed: Ex0u-QHuv9cdi-UT Game ID: woodfighter_1448372448 Your Inventory: Coins $ - 712 gold pieces Weapons a - a blessed +1 quarterstaff (weapon in hands) Armor e - an uncursed +0 cloak of magic resistance (being worn) q - an uncursed +1 pair of low boots (being worn) r - an uncursed +0 leather armor (being worn) y - an uncursed +0 dwarvish iron helm (being worn) z - a cursed +0 dwarvish cloak N - an uncursed +0 dwarvish cloak Y - an uncursed +0 mummy wrapping Comestibles k - 4 uncursed sprigs of wolfsbane Rings f - an uncursed ring of slow digestion g - an uncursed ring of stealth j - an uncursed ring of stealth l - an uncursed ring of free action Tools n - an uncursed oil lamp (0:1041) C - an uncursed skeleton key Spells and supernatural/magical abilities: Name Level Category Fail Memory a - force bolt 1 attack 0% 87% k - knock 1 matter 0% 97% w - wizard lock 2 matter 62% 87% W - pray for help -- divine ? -- Your skills at the end: Miscellaneous Skills wands [Basic] Weapon Skills quarterstaff [Basic] Spellcasting Skills attack spells [Basic] enchantment spells [Basic] Final Attributes: You were devoutly aligned. You were magic-protected. You were blinded. You are dead. Vanquished creatures: a blue jelly a kobold mummy a floating eye a kitten a dwarf 4 homunculi an iguana 3 rothes a giant bat a werejackal a hobbit 4 geckos a hobgoblin 3 giant rats a brown mold a gnome zombie 8 jackals 8 newts a goblin a sewer rat 6 grid bugs a bat 4 lichens 6 kobold zombies 61 creatures vanquished. Voluntary challenges: You had been an atheist until turn 1879. You used a wielded weapon 66 times, starting on turn 49. You did not use containers. You did not apply a unicorn horn. You read items or engraved 2 times, starting on turn 1995. You never genocided any monsters. You never polymorphed an object. You never changed form. You used no wishes. You never split a pudding. You wrote Elbereth's name 1 time, starting on turn 2041. You never violated your personal moral code. Dungeon overview: The Dungeons of Doom: levels 1 to 7 Level 1 a fountain a long staircase Level 2 a fountain Level 3 Level 4 a fountain stairs to The Gnomish Mines Level 5 Level 6 (stash) some altars to Thoth and Anhur Level 7 <- You were here The Gnomish Mines: Level 5 stairs to The Dungeons of Doom History has recorded: On T:1 you entered the Dungeons of Doom to retrieve the Amulet of Yendor! On T:198 you reached level 2 of The Dungeons of Doom. On T:592 you reached level 3 of The Dungeons of Doom. On T:644 you advanced to experience level 2. On T:814 you reached level 4 of The Dungeons of Doom. On T:981 you reached level 1 of The Gnomish Mines. On T:1024 you advanced to experience level 3. On T:1059 you reached level 5 of The Dungeons of Doom. On T:1400 you reached level 6 of The Dungeons of Doom. On T:1744 you advanced to experience level 4. On T:2164 you reached level 7 of The Dungeons of Doom. On T:2415 you advanced to experience level 5. Score breakdown: Gold: 712 ( 71 points) Experience: 5 levels ( 400 points) Exploration: 7 levels ( 180 points) Discoveries: 2 items ( 100 points) Variety of kills: 24 monsters ( 1200 points) Major goal: (nothing yet) ( 0 points) Survival: died (score multiplied by 3) Total score: 5853 Latest messages: l - an uncursed steel ring. g - an uncursed twisted ring. j - an uncursed twisted ring. f - an uncursed wire ring. n - an uncursed lamp. The spell misses it. Something scratches you! (3x) You die... Final status: Goodbye woodfighter the Wizard, killed by a dwarf zombie... You died in The Dungeons of Doom on dungeon level 7 with 5853 points, and 712 pieces of gold, after 2618 moves. You were level 5 with a maximum of 43 hit points when you died.